 Dungeon Crawl Stone Soup version 0.29-a0-728-g6bb282b620 (webtiles) character file.

Game seed: 12280048745130029879

59276 Essalna the Warrior (level 15, -7/120 HPs)
             Began as a Djinni Conjurer on June 28, 2022.
             Was a High Priest of the Shining One.
             Blown up by an eye of devastation (37 damage)
             ... with a bolt of energy
             ... on level 5 of the Lair of Beasts on June 29, 2022.
             The game lasted 00:45:24 (26473 turns).

Essalna the Warrior (Djinni Conjurer)              Turns: 26473, Time: 00:45:25

Health: -7/120     AC: 14    Str:  6    XL:     15   Next: 33%
Gold:   544        EV: 15    Int: 30    God:    the Shining One [*****.] SH:  5 Dex: 12

rFire   + + .      SeeInvis .   l - +2 dagger (freeze)
rCold   x . .      Faith    .   (no shield)
rNeg    + + .      Spirit   .   G - +0 acid dragon scales
rPois   ∞          Reflect  +   O - +1 helmet {Int+3}
rElec   .          Harm     .   p - +0 cloak
rCorr   +          Rampage  .   c - +0 pair of gloves
Will    +++..                   (boots unavailable)
Stlth   +.........              y - amulet of reflection
HPRegen 0.30/turn               D - ring of willpower
MPRegen 0.00/turn               Q - ring of willpower

@: flying, glowing
A: sickness immunity, fire resistance 2, cold vulnerability 1, float, innate
caster, HP casting, extra vitality 1
a: Renounce Religion, Divine Shield, Cleansing Flame, Summon Divine Warrior


You were on level 5 of the Lair of Beasts.
You worshipped the Shining One.
The Shining One was extremely pleased with you.
You visited 2 branches of the dungeon, and saw 16 of its levels.

You collected 1116 gold pieces.
You spent 572 gold pieces at shops.

Inventory:

Hand Weapons
 l - a +2 dagger of freezing (weapon)
 X - the +9 short sword of Blood-Lust {venom, rF+ rCorr Dex+3}
   (You found it on level 6 of the Lair of Beasts)

   It poisons the flesh of those it strikes.
   Dex:       It affects your dexterity (+3).
   rF:        It protects you from fire.
   rCorr:     It protects you from acid and corrosion.
Armour
 a - a +0 robe
 c - a +0 pair of gloves (worn)
 p - a +0 cloak (worn)
 x - a +0 helmet
 G - +0 acid dragon scales (worn)
 O - a +1 helmet of intelligence (worn)
Magical Staves
 F - a staff of air
Jewellery
 s - a ring of fire
 y - an amulet of reflection (around neck)
 D - a ring of willpower (left hand)
 P - a ring of see invisible
 Q - a ring of willpower (right hand)
 S - a +4 ring of protection
Wands
 m - a wand of polymorph (16)
 o - a wand of quicksilver (20)
 A - a wand of paralysis (20)
 B - a wand of iceblast (8)
 N - a wand of mindburst (8)
 Y - a wand of flame (12)
Scrolls
 d - 6 scrolls of teleportation
 e - 5 scrolls of fear {unknown}
 g - 19 scrolls of identify {unknown}
 h - 7 scrolls of vulnerability {unknown}
 i - 5 scrolls of magic mapping {unknown}
 j - 9 scrolls of enchant armour {unknown}
 k - 4 scrolls of immolation {unknown}
 r - 3 scrolls of poison {unknown}
 v - 2 scrolls of amnesia {unknown}
 w - 2 scrolls of summoning {unknown}
 H - 3 scrolls of blinking {unknown}
 I - 3 scrolls of fog {unknown}
 J - a scroll of enchant weapon {unknown}
 K - a scroll of silence {unknown}
 T - a scroll of noise {unknown}
 U - a scroll of torment {unknown}
Potions
 b - 5 potions of heal wounds
 f - 3 potions of invisibility {unknown}
 n - a potion of cancellation {unknown}
 q - 2 potions of magic {unknown}
 t - 2 potions of lignification {unknown}
 u - 3 potions of mutation {unknown}
 z - 2 potions of haste {unknown}
 C - a potion of ambrosia {unknown}
 E - 4 potions of flight {unknown}
 L - 6 potions of curing {unknown}
 M - 2 potions of berserk rage {unknown}
 R - a potion of attraction {unknown}
 V - a potion of might {unknown}
 W - 2 potions of brilliance {unknown}
 Z - a potion of degeneration {unknown}


   Skills:
 + Level 15.1 Fighting
 - Level 10.1 Armour
 - Level 12.0 Dodging
 - Level 1.5 Stealth
 + Level 12.4 Spellcasting


You couldn't memorise any spells.
You knew the following spells:

 Your Spells              Type           Power      Damage    Failure   Level
a - Magic Dart            Conj           100%       1d8       1%          1
b - Searing Ray           Conj           100%       2d8       1%          2
c - Dazzling Flash        Conj/Hex       100%       N/A       1%          3
d - Fulminant Prism       Conj/Hex       37%        3d18      1%          4
e - Iskenderun's Mystic   Conj/Tloc      75%        2d15      1%          4
f - Shock                 Conj/Air       100%       1d9       1%          1
g - Wereblood             Tmut           75%        N/A       1%          2
h - Blink                 Tloc           100%       N/A       1%          2
i - Sticky Flame          Conj/Fire      75%        2d9       1%          4
j - Olgreb's Toxic Radia  Pois           75%        N/A       1%          4
k - Lee's Rapid Deconstr  Erth           37%        3d20*     1%          5
l - Conjure Ball Lightni  Conj/Air       37%        3x3d12    4%          6
Your spell library was empty.

Dungeon Overview and Level Annotations

Branches:
Dungeon (10/15)            Temple (0/1) D:6            Lair (6/6) D:10
  Swamp (0/4) Lair:4        Snake (0/4) Lair:3        Slime (0/5) Lair:5
    Orc: D:9-12

Altars:
Ashenzari
Cheibriados
Fedhas
Gozag
Kikubaaqudgha
Sif Muna
Xom
The Shining One
Jiyva

Shops:
D:2 *   D:4 :   D:6 ?   D:7 ?

Annotations:
D:5 1 runed translucent door, flt's ghost, novice DgTm
Lair:1 exclusion: oklob plant


Innate Abilities, Weirdness & Mutations

You are immune to sickness and miasma.
You are immune to poison.
Your flesh is very heat resistant. (rF++)
You are vulnerable to cold. (rC-)
You float through the air rather than walking.
You learn spells naturally, not from books.
Your magical power is your life essence.
You have superior vitality. (+4 MHP)


Message History

You can't see any susceptible monsters within range! (Use Z to cast anyway.)
The eye of devastation turns its gaze towards you.
Casting: Olgreb's Toxic Radiance (safe; 1% risk of failure)
Confirm with . or Enter, or press ? or * to list all spells.
You erupt in a blast of force!
The mystic blast hits the eye of devastation!
The eye of devastation is moderately wounded.
The eye of devastation is knocked back by the mystic blast.
A floating eye comes into view.
The floating eye turns its gaze towards you.
The floating eye's view fixates on you.
Casting: Iskenderun's Mystic Blast (safe; 1% risk of failure)
Confirm with . or Enter, or press ? or * to list all spells.
You erupt in a blast of force!
The mystic blast hits the floating eye!!
You kill the floating eye!
Casting: Iskenderun's Mystic Blast (safe; 1% risk of failure)
Confirm with . or Enter, or press ? or * to list all spells.
You can't see any susceptible monsters within range! (Use Z to cast anyway.)
Casting: Iskenderun's Mystic Blast (safe; 1% risk of failure)
Confirm with . or Enter, or press ? or * to list all spells.
You erupt in a blast of force!
The mystic blast hits the eye of devastation!
The eye of devastation is heavily wounded.
The eye of devastation is knocked back by the mystic blast.
Casting: Iskenderun's Mystic Blast (safe; 1% risk of failure)
Confirm with . or Enter, or press ? or * to list all spells.
You erupt in a blast of force!
The mystic blast hits the eye of devastation!
The eye of devastation is severely wounded.
The eye of devastation is knocked back by the mystic blast.
The eye of devastation gazes at you. The bolt of energy hits you!!
* * * LOW HITPOINT WARNING * * *
Casting: Iskenderun's Mystic Blast (safe; 1% risk of failure)
Confirm with . or Enter, or press ? or * to list all spells.
You can't see any susceptible monsters within range! (Use Z to cast anyway.)
The eye of devastation gazes at you. The bolt of energy hits you!!!
You die...

..............<.....P.....P....##
............#..#....#.....#.#..#
#...........#.#.....##...P##...#
...............#.....##...+(...##
.....................##...P.....#
......##...>..#.....###....>....#
(P....##..#...#.....###..##.....#
#P.....##+#....#.....#...#.##...#
..............G.@......#.P.#....#
...............................##
................................#
...............................##
.....<.........................#.
......................#..##..#..#
#..[......###.P.........####...P#
#......##.##.###.......###.....##
###....#####.###.......#...#....#


You could see an eye of devastation.

Vanquished Creatures
  Rupert (Lair:3)
  A fire dragon (Lair:6)
  Josephine (Lair:4)
  3 hydras
  3 boulder beetles
  An anaconda (Lair:6)
  A catoblepas (Lair:6)
  8 death yaks
  A swamp dragon (Lair:6)
  An orange crystal statue (D:9)
  2 lindwurms
  2 wolf spiders (Lair:3)
  2 oklob plants (Lair:5)
  Joseph (Lair:1)
  15 elephants
  8 black mambas
  8 cane toads
  5 torpor snails (Lair:6)
  4 rime drakes
  Maggie (Lair:1)
  A kobold demonologist (D:9)
  7 komodo dragons
  4 tyrant leeches (Lair:6)
  4 polar bears
  Prince Ribbit (D:6)
  Grinder (D:3)
  4 dream sheep (Lair:6)
  9 hornets
  26 blink frogs
  A vampire (D:9)
  56 yaks
  6 wraiths
  4 wyverns
  A steam dragon (Lair:6)
  2 basilisks
  2 swamp worms (Lair:4)
  3 nagas (Lair:3)
  4 acid dragons
  9 water moccasins
  A floating eye (Lair:5)
  4 orc warriors
  3 black bears
  A sky beast (D:6)
  A swamp drake (Lair:6)
  An ice beast (D:7)
  3 ogres
  26 wolves
  4 centaurs
  2 phantoms (D:5)
  Blork the orc (D:4)
  2 kobold brigands (D:9)
  14 bullfrogs
  2 scorpions (D:6)
  8 wights
  8 howler monkeys
  5 hounds
  3 jellies
  11 orc priests
  13 hell rats
  9 iguanas
  9 orc wizards
  9 adders
  4 gnolls (D:4)
  A shadow imp (D:5)
  A white imp (D:6)
  2 ufetubi
  4 dart slugs
  47 orcs
  4 ball pythons
  7 endoplasms
  A giant cockroach (D:1)
  A hobgoblin (D:4)
  14 kobolds
  5 quokkas
  5 bats
  5 frilled lizards
  4 goblins
  21 rats
  A butterfly (Lair:6)
481 creatures vanquished.

Vanquished Creatures (others)
  54 fungi
  85 plants
139 creatures vanquished.

Grand Total: 620 creatures vanquished

Notes
Turn   | Place    | Note
-------+----------+-------------------------------------------
     0 | D:1      | Essalna the Djinni Conjurer began the quest for the Orb.
     0 | D:1      | Essalna set off with the following spells memorised: Magic
                  | Dart, Searing Ray, Dazzling Flash, Fulminant Prism,
                  | Iskenderun's Mystic Blast.
     0 | D:1      | Reached XP level 1. HP: 15/15 MP: 0/0
   250 | D:1      | Reached XP level 2. HP: 18/22 MP: 0/0
   305 | D:1      | Reached skill level 1 in Fighting
   749 | D:1      | Found a faded altar of an unknown god.
  1050 | D:2      | Found Qomofrya's Assorted Antiques.
  1128 | D:2      | Reached XP level 3. HP: 26/27 MP: 0/0
  1128 | D:2      | Learned a level 1 spell: Shock
  1471 | D:2      | Reached skill level 2 in Fighting
  1474 | D:2      | Reached XP level 4. HP: 16/34 MP: 0/0
  2027 | D:2      | Reached XP level 5. HP: 31/40 MP: 0/0
  2027 | D:2      | Learned a level 2 spell: Wereblood
  2150 | D:3      | Noticed Grinder
  2162 | D:3      | Killed Grinder
  2163 | D:3      | Reached skill level 4 in Fighting
  2163 | D:3      | Reached XP level 6. HP: 32/47 MP: 0/0
  2704 | D:3      | Found an opulent altar of Gozag.
  2865 | D:3      | You are sucked into a shaft and drop 2 floors!
  2865 | D:5      | Entered Level 5 of the Dungeon
  3002 | D:5      | Found a runed translucent door.
  3041 | D:5      | Noticed flt's ghost (novice DgTm)
  3079 | D:5      | Reached XP level 7. HP: 50/53 MP: 0/0
  3079 | D:5      | Learned a level 2 spell: Blink
  3294 | D:5      | Reached skill level 5 in Spellcasting
  3490 | D:5      | Reached skill level 5 in Fighting
  3666 | D:4      | Noticed Blork the orc
  3676 | D:4      | Killed Blork the orc
  3936 | D:4      | Found Xassack's Book Shop.
  4135 | D:4      | Reached XP level 8. HP: 54/61 MP: 0/0
  4300 | D:4      | Reached skill level 6 in Fighting
  4376 | D:4      | Found a blossoming altar of Fedhas.
  4779 | D:4      | Found a glowing golden altar of the Shining One.
  4822 | D:4      | Became a worshipper of the Shining One
  5987 | D:6      | Reached skill level 7 in Fighting
  6018 | D:6      | Noticed a wyvern
  6020 | D:6      | Reached XP level 9. HP: 26/68 MP: 0/0
  6020 | D:6      | Learned a level 4 spell: Sticky Flame
  6517 | D:6      | Noticed Prince Ribbit
  6533 | D:6      | Killed Prince Ribbit
  6534 | D:6      | Reached skill level 8 in Fighting
  6917 | D:6      | Found a broken altar of Ashenzari.
  7149 | D:6      | Found a staircase to the Ecumenical Temple.
  7344 | D:6      | Found Cudint's Magic Scroll Shop.
  8210 | D:7      | Reached skill level 9 in Fighting
  8304 | D:7      | Reached XP level 10. HP: 62/78 MP: 0/0
  8512 | D:7      | Found a snail-covered altar of Cheibriados.
  8592 | D:7      | Found Vodi's Magic Scroll Emporium.
  9210 | D:8      | Reached * piety under the Shining One
  9658 | D:8      | Reached skill level 10 in Fighting
 10257 | D:9      | Noticed an orange crystal statue
 10437 | D:9      | Reached skill level 1 in Armour
 10563 | D:9      | Found a shimmering altar of Xom.
 10597 | D:9      | Reached XP level 11. HP: 17/86 MP: 0/0
 10597 | D:9      | Learned a level 4 spell: Olgreb's Toxic Radiance
 10934 | D:9      | Reached ** piety under the Shining One
 12003 | D:9      | Killed an orange crystal statue
 12180 | D:10     | Entered Level 10 of the Dungeon
 12191 | D:10     | Reached skill level 11 in Fighting
 12269 | D:10     | Identified the +3 ring mail of the Illusory Spirits {+Inv
                  | Slay+2}
 13089 | D:10     | Noticed a death yak
 13098 | D:10     | Noticed a death yak
 13113 | D:10     | Killed a death yak
 13114 | D:10     | Reached skill level 5 in Dodging
 13486 | D:10     | Found a staircase to the Lair.
 13486 | D:10     | Noticed a death yak
 13506 | D:10     | Killed a death yak
 13510 | D:10     | Killed a death yak
 13834 | Lair:1   | Entered Level 1 of the Lair of Beasts
 13997 | Lair:1   | Reached skill level 5 in Armour
 14214 | Lair:1   | Reached XP level 12. HP: 74/94 MP: 0/0
 14600 | Lair:1   | Noticed Joseph
 14612 | Lair:1   | Killed Joseph
 14622 | Lair:1   | Reached skill level 12 in Fighting
 14761 | Lair:1   | Reached skill level 10 in Spellcasting
 14894 | Lair:1   | Noticed Maggie
 14910 | Lair:1   | Killed Maggie
 17343 | D:7      | Bought a scroll of acquirement for 572 gold pieces
 17349 | D:7      | Acquired a +1 helmet of intelligence
 17844 | Lair:3   | Found a staircase to the Snake Pit.
 18012 | Lair:3   | Reached XP level 13. HP: 88/102 MP: 0/0
 18012 | Lair:3   | Learned a level 5 spell: Lee's Rapid Deconstruction
 18521 | Lair:3   | Noticed Rupert
 18562 | Lair:3   | Killed Rupert
 19477 | Lair:4   | Reached skill level 13 in Fighting
 19596 | Lair:4   | Reached *** piety under the Shining One
 19781 | Lair:4   | Noticed Josephine
 19788 | Lair:4   | Noticed a boulder beetle
 19793 | Lair:4   | Killed Josephine
 19805 | Lair:4   | Killed a boulder beetle
 20101 | Lair:4   | Reached **** piety under the Shining One
 20817 | Lair:4   | Found a staircase to the Swamp.
 21066 | Lair:5   | Reached skill level 10 in Dodging
 21472 | Lair:5   | Noticed a six-headed hydra
 21481 | Lair:5   | Killed a six-headed hydra
 21730 | Lair:5   | Reached XP level 14. HP: 80/110 MP: 0/0
 22129 | Lair:5   | Found a blossoming altar of Fedhas.
 22681 | Lair:5   | Found a viscous altar of Jiyva.
 22683 | Lair:5   | Found a staircase to the Slime Pits.
 22763 | Lair:6   | Entered Level 6 of the Lair of Beasts
 23113 | Lair:6   | Reached skill level 14 in Fighting
 23417 | Lair:5   | Reached skill level 10 in Armour
 23997 | Lair:6   | Reached ***** piety under the Shining One
 24945 | Lair:6   | Reached XP level 15. HP: 101/118 MP: 0/0
 24945 | Lair:6   | Learned a level 6 spell: Conjure Ball Lightning
 24950 | Lair:6   | Identified the +9 short sword of Blood-Lust {venom, rF+
                  | rCorr Dex+3}
 25328 | Lair:6   | Upgraded the game from 0.29-a0-722-g64f5989226 to
                  | 0.29-a0-728-g6bb282b620
 25562 | Lair:6   | Identified the +7 ring mail "Wateuzoe" {Contam +Blink rC+}
 25579 | Lair:6   | Found a runed translucent door.
 25919 | Lair:6   | Reached skill level 15 in Fighting
 26473 | Lair:5   | Blown up by an eye of devastation

Illustrated notes

Levels and vault maps discovered:
D:1:      lemuel_arrival_broad_hall, layout_basic,
          shapermc_ecumenical_altar_acropolis
D:2:      layout_loops_ring, serial_shops, nicolae_shop_waterfront,
          minmay_misc_feat_encased, minivault_4, feat_on_display
D:3:      layout_basic, mainiacjoe_overflow_catch_the_wave, minivault_5,
          uniq_grinder
D:4:      layout_rooms, old_standard_altar, kennysheep_little_box, serial_shops,
          shop, minmay_rat_hole, uniq_blork_the_orc
D:5:      layout_loops_ring, ebering_ghost_reflecting_pool, grunt_ministairs_8
D:6:      layout_cave_pods, ashenzari_conservatory_becter,
          minmay_temple_entry_overgrown, serial_shops, kennysheep_mini,
          minmay_bent, uniq_prince_ribbit1
D:7:      layout_basic, marbit_many_paths, serial_shops, nicolae_lakefront_shop
D:8:      layout_cave_pods, kiku_gazebo_pond_becter
D:9:      layout_basic, brannock_xom_greatest_gift, minmay_statue_bubble
D:10:     layout_roguey, dpeg_lair_monsters
Lair:1:   minmay_lair_oklob_tunnel, layout_regular_city, serial_bayou_pond_a,
          infiniplex_staircase_pool_2, uniq_joseph, uniq_maggie
Lair:2:   layout_hall_layers
Lair:3:   layout_regular_city, guppyfry_snake_entry_island, st_stairs_13,
          columned_hall_lemuel, serial_bayou_ford_a,
          nicolae_lair_run_with_the_wolves, uniq_rupert
Lair:4:   layout_roguey, minmay_swamp_entry_worms, grunt_megastairs_1,
          uniq_josephine
Lair:5:   layout_regular_city, minmay_slime_entry_eyes, hangedman_tree_tricks
Lair:6:   wormcave, layout_misc_corridors, guppyfry_lair_end_dragon,
          lemuel_fruit_tree, grunt_megastairs_2, lemuel_fruit_fields

Skill      XL: |  1  2  3  4  5  6  7  8  9 10 11 12 13 14 15 |
---------------+----------------------------------------------+-----
Fighting       | 1 2 4 5 7 9 10 11 12 13 14 15 | 15.1
Spellcasting   | 4 5 6 7 9 10 11 12 | 12.4
Armour         | 2 5 7 9 10 | 10.1
Dodging        | 3 6 8 10 11 12 | 12.0
Stealth        | |  1.5

Action                   |  1- 3 |  4- 6 |  7- 9 | 10-12 | 13-15 || total
-------------------------+-------+-------+-------+-------+-------++-------
Melee: Dagger            |       |       |     1 |    19 |    31 ||    51
 Cast: Magic Dart        |    40 |    36 |   136 |   155 |   114 ||   481
       Searing Ray       |     3 |     5 |    28 |    22 |     8 ||    66
       Blink             |       |       |     4 |       |     1 ||     5
       Iskenderun's Myst |       |       |    33 |   152 |   215 ||   400
       Sticky Flame      |       |       |     1 |       |       ||     1
       Olgreb's Toxic Ra |       |       |       |    20 |    69 ||    89
       Dazzling Flash    |       |       |       |     1 |       ||     1
       Lee's Rapid Decon |       |       |       |       |    13 ||    13
  Use: Scroll            |       |       |     1 |     1 |     1 ||     3
       Potion            |       |       |       |     1 |       ||     1
Armor: Robe              |       |     3 |    16 |     5 |       ||    24
       Acid dragon scale |       |       |       |    36 |    50 ||    86
Dodge: Dodged            |     5 |    11 |    58 |   100 |   121 ||   295
Block: Other             |       |       |       |    28 |    44 ||    72
       Reflection        |       |       |       |     2 |       ||     2

Table legend: (Time is in decaauts)
 A = Elapsed time spent in this place.
 B = Non-inter-level travel time spent in this place.
 C = Inter-level travel time spent in this place.
 D = Time resting spent in this place.
 E = Time spent auto-exploring this place.
 F = Levels seen in this place.
 G = Mean time per level.
                   A        B        C        D        E       F      G
               +--------+--------+--------+--------+--------+-----+--------+
         Total |  26512 |  25669 |    843 |   1083 |  21552 |  16 | 1657.0 |
       Dungeon |  14084 |  13474 |    610 |    361 |  11590 |  10 | 1408.4 |
          Lair |  12427 |  12195 |    232 |    722 |   9962 |   6 | 2071.2 |
               +--------+--------+--------+--------+--------+-----+--------+

Top non-repeatable levels by time:
  Lair:6: 2943 daAuts
  Lair:5: 2537 daAuts
     D:9: 2010 daAuts
  Lair:3: 1906 daAuts
  Lair:4: 1813 daAuts
  Lair:2: 1749 daAuts
     D:6: 1734 daAuts
    D:10: 1670 daAuts
     D:5: 1628 daAuts
     D:8: 1535 daAuts
  Lair:1: 1476 daAuts
     D:4: 1326 daAuts
     D:2: 1144 daAuts
     D:3: 1077 daAuts
     D:7: 993 daAuts
